 Dungeon Crawl Stone Soup version 0.21-a0-1-gaf3b9a5 (webtiles) character file.

30977 juanjsm the Thaumaturge (level 13, 0/68 HPs)
             Began as a Spriggan Enchanter on May 19, 2017.
             Was the Champion of Okawaru.
             Killed from afar by a rime drake (20 damage)
             ... with a flash freeze
             ... on level 6 of the Lair of Beasts on May 20, 2017.
             The game lasted 01:57:26 (15054 turns).

juanjsm the Thaumaturge (Spriggan Enchanter)       Turns: 15054, Time: 01:57:27

Health: 0/68       AC:  4    Str:  4    XL:     13   Next: 23%
Magic:  3/29       EV: 27    Int: 27    God:    Okawaru [******]
Gold:   1038       SH:  0    Dex: 16    Spells: 19/35 levels left

rFire    . . .     SeeInvis +   o - +4 quick blade
rCold    . . .     Gourm    .   (shield restricted)
rNeg     . . .     Faith    .   b - +1 robe
rPois    .         Spirit   .   (helmet restricted)
rElec    .         Reflect  .   R - +0 cloak
rCorr    .         Harm     .   (gloves unavailable)
MR       ++...                  (boots unavailable)
Stlth    +++++.....             (no amulet)
Regen    0.3/turn               x - +5 ring of intelligence
MPRegen  0.3/turn               F - ring of flight

@: flying (expiring), very quick
A: unfitting armour, see invisible, herbivore 3, speed 3, slow metabolism 2
a: Heroism, Finesse, Renounce Religion


You were on level 6 of the Lair of Beasts.
You worshipped Okawaru.
Okawaru was exalted by your worship.
You were not hungry.

You visited 3 branches of the dungeon, and saw 15 of its levels.
You also visited: Sewer and Ossuary.

You collected 1038 gold pieces.

Inventory:

Hand Weapons
 o - a +4 quick blade (weapon)
 t - a +0 quarterstaff of speed
 u - a +0 hunting sling of flaming
 v - a +0 blowgun
Missiles
 w - 67 poisoned needles (quivered)
 P - a throwing net
 S - 4 curare-tipped needles
Armour
 a - a +0 buckler
 b - a +1 robe (worn)
 R - a +0 cloak (worn)
Jewellery
 x - a +5 ring of intelligence (left hand)
 F - a ring of flight (right hand)
 L - a +4 ring of strength
Wands
 l - a wand of flame (16/48)
 C - a wand of digging (10/24)
 K - a wand of acid (10/15)
 Q - a wand of polymorph (8/24)
Scrolls
 c - a scroll of identify
 h - 3 scrolls of noise {unknown}
 i - a scroll of remove curse
 j - 5 scrolls of magic mapping
 m - 7 scrolls of recharging
 n - a scroll of holy word {unknown}
 y - 6 scrolls of teleportation
 B - a scroll of fog {unknown}
 G - 3 scrolls of blinking {unknown}
 J - a scroll of amnesia {unknown}
 N - a scroll of torment {unknown}
 O - 2 scrolls of random uselessness {unknown}
Potions
 e - 6 potions of heal wounds
 f - 4 potions of invisibility
 g - a potion of haste
 k - 10 potions of curing
 r - a potion of resistance
 s - a potion of magic
 z - 9 potions of flight
 A - 2 potions of lignification
 D - 3 potions of brilliance
 E - a potion of ambrosia
 I - 2 potions of might
 M - 3 potions of agility
Books
 H - a book of Fire

   Spells                             Type                      Level
   a - Ignite Poison                  Fire/Transmutation/Poison    3
   b - Fireball                       Conjuration/Fire             5
   c - Bolt of Fire                   Conjuration/Fire             6
   d - Ring of Flames                 Charms/Fire                  7
   e - Ignition                       Fire                         8
Comestibles
 d - 12 bread rations
 p - 27 fruits
 q - a royal jelly


   Skills:
 + Level 8.0 Fighting
 + Level 10.2 Short Blades
 - Level 11.5 Dodging
 - Level 11.0 Stealth
 + Level 5.1 Shields
 + Level 11.6 Spellcasting
 + Level 5.3 Conjurations
 - Level 8.7 Hexes
 - Level 4.5 Evocations


You had 19 spell levels left.
You knew the following spells:

 Your Spells              Type           Power        Failure   Level  Hunger
a - Corona                Hex            ######.      1%          1    None
b - Ensorcelled Hibernat  Hex/Ice        #####.       1%          2    None
c - Confuse               Hex            ######..     1%          3    None
d - Dazzling Spray        Conj/Hex       ######       1%          3    None
e - Mephitic Cloud        Conj/Pois/Air  ####....     5%          3    None
f - Fulminant Prism       Conj/Hex       ######....   1%          4    None


Dungeon Overview and Level Annotations

Branches:
Dungeon (8/15)             Temple (1/1) D:4            Lair (6/6) D:8
  Swamp (0/4) Lair:3        Snake (0/4) Lair:4        Slime (0/5) Lair:5

Altars:
Ashenzari
Cheibriados
Dithmenos
Elyvilon
Fedhas
Gozag
Hepliaklqana
Kikubaaqudgha
Makhleb
Nemelex Xobeh
Okawaru
Qazlal
Ru
Sif Muna
Trog
Uskayaw
Vehumet
Xom
Yredelemnul
Zin
The Shining One

Annotations:
D:2 Sigmund
Lair:6 Nessos


Innate Abilities, Weirdness & Mutations

You are very small and have problems with some larger weapons.
You are too small for most types of armour.
You have supernaturally acute eyesight. (SInv)
You are a herbivore.
You cover ground extremely quickly.
You need consume almost no food.


Message History

Confirm with . or Enter, or press ? or * to list all spells.
You don't have enough magic to cast that spell.
You hit the plant.
The plant is lightly damaged.
The rime drake breathes ice at you. The flash freeze misses you.
Nessos hits the yak!
The yak gores you!
You are starting to lose your buoyancy.
Nessos hits the spiny frog but does no damage.
Nessos mumbles something.
Nessos looks very confused.
The rime drake breathes ice at you. The flash freeze hits you!
* * * LOW HITPOINT WARNING * * *
You are encased in ice.
The ice encasing you melts away.
You feel much better.
There is a stone staircase leading up here.
The rime drake breathes ice at you. The flash freeze hits you!
You die...

.......##.....##.P...
.P....#..............##.
......(............ ....
.....YP.....##...# .....
.........D.P.##.# ....#
..#.Y........Y..##.....
P............l...#.P#
.........Y.k.k....#
....!.......FSF.@.#
..........#.y.#...#
...P...........#.....
.......................#####.....
...............#...........#....
................................
. ............................PP
. ......................# P
...≈.≈.P##


You could see a six-headed hydra, a komodo dragon, 2 yaks, 2 spiny frogs, 2 rime
drakes, a hornet and a water moccasin.

Vanquished Creatures
  5 hydras
  A catoblepas (Lair:3)
  2 sea snakes (Lair:6)
  3 oklob plants (Lair:5)
  A deep elf mage (D:6)
  4 elephants (Lair:4)
  7 black mambas
  7 komodo dragons
  8 spiny frogs
  3 polar bears
  A hornet (Lair:6)
  7 blink frogs
  5 hippogriffs
  A dream sheep (Lair:4)
  A wyvern (Lair:4)
  20 yaks
  A hungry ghost (D:7)
  A basilisk (Lair:2)
  A steam dragon (D:6)
  Menkaure (D:3)
  Edmund (D:4)
  3 nagas (Lair:4)
  11 water moccasins
  Purgy (D:3)
  An orc warrior (D:8)
  An ice beast (D:7)
  7 porcupines
  2 sky beasts
  42 wolves
  2 phantoms
  4 ogres
  A centaur (D:7)
  18 crocodiles
  11 bullfrogs
  The ghost of MirrMurr the Sneak, an amateur SpEn (D:3)
  3 scorpions
  A water moccasin skeleton (D:8)
  2 howler monkeys
  An electric eel (D:8)
  2 jellies
  An orc priest (D:4)
  2 centaur skeletons
  2 hounds
  A bullfrog skeleton (D:8)
  A gnoll shaman (D:7)
  Jessica (D:2)
  Ijyb (D:3)
  Terence (D:3)
  2 iguanas
  Natasha (twice) (D:2)
  5 orc wizards
  A hell rat (Lair:5)
  4 worker ants
  2 big kobold zombies (Ossuary)
  3 mummies (Ossuary)
  5 gnolls (D:7)
  A howler monkey skeleton (D:6)
  12 adders
  2 river rats (D:6)
  A shadow imp (D:5)
  6 oozes (D:2)
  An adder skeleton (D:3)
  2 worms (D:2)
  A dart slug (D:1)
  5 leopard geckos
  29 orcs
  3 ball pythons
  7 giant cockroaches
  5 goblins
  6 hobgoblins
  3 jackals (D:4)
  13 kobolds
  3 quokkas
  3 bats
  6 frilled lizards
  A goblin zombie (Ossuary)
  4 hobgoblin zombies (Ossuary)
  2 jackal skeletons
  A leopard gecko zombie (D:3)
  An orc zombie (Ossuary)
  A quokka zombie (D:3)
  7 rats
  2 fulminant prisms (Lair:5)
  2 fungi
  4 plants
363 creatures vanquished.

Vanquished Creatures (others)
  30 fulminant prisms (Lair:5)
  22 fungi
  18 plants
  8 toadstools (D:2)
78 creatures vanquished.

Grand Total: 441 creatures vanquished

Notes
Turn   | Place    | Note
-------+----------+-------------------------------------------
     0 | D:1      | juanjsm the Spriggan Enchanter began the quest for the Orb.
     0 | D:1      | Reached XP level 1. HP: 9/9 MP: 5/5
   155 | D:1      | Reached XP level 2. HP: 12/13 MP: 6/6
   162 | D:1      | Learned a level 2 spell: Ensorcelled Hibernation
   561 | D:2      | Noticed Natasha
   576 | D:2      | Found a sparkling altar of Nemelex Xobeh.
   885 | D:2      | Reached skill level 5 in Stealth
   885 | D:2      | Reached XP level 3. HP: 17/17 MP: 2/8
   890 | D:2      | Learned a level 3 spell: Confuse
  1029 | D:2      | Noticed Jessica
  1325 | D:2      | Reached skill level 1 in Fighting
  1392 | D:2      | Reached XP level 4. HP: 22/22 MP: 1/9
  1397 | D:2      | Learned a level 3 spell: Dazzling Spray
  1781 | D:2      | Noticed Sigmund
  1915 | D:3      | Noticed Purgy
  1958 | D:3      | Killed Purgy
  1958 | D:3      | Reached XP level 5. HP: 26/26 MP: 0/11
  2068 | D:3      | Found an iron altar of Okawaru.
  2077 | D:3      | Became a worshipper of Warmaster Okawaru
  2134 | D:3      | Noticed Terence
  2158 | D:3      | Noticed a phantom
  2159 | D:3      | Found a basalt altar of Yredelemnul.
  2166 | D:3      | Noticed Menkaure
  2168 | D:3      | Found an ancient bone altar of Kikubaaqudgha.
  2203 | D:3      | Noticed Ijyb
  2343 | D:3      | Killed Terence
  2390 | D:3      | Reached XP level 6. HP: 21/30 MP: 1/12
  2452 | D:3      | Noticed MirrMurr's ghost (amateur SpEn)
  2511 | D:3      | Killed MirrMurr's ghost
  2793 | D:2      | Killed Natasha
  2870 | D:2      | Noticed Natasha
  2877 | D:2      | Killed Natasha
  2884 | D:2      | Killed Jessica
  2884 | D:2      | Reached skill level 5 in Dodging
  3111 | D:4      | Reached XP level 7. HP: 35/35 MP: 14/14
  3385 | D:4      | Noticed Edmund
  3392 | D:4      | Killed Edmund
  3392 | D:4      | Reached * piety under Okawaru
  3392 | D:4      | Reached skill level 5 in Hexes
  3450 | D:4      | Found a staircase to the Ecumenical Temple.
  3495 | Temple   | Entered the Ecumenical Temple
  4276 | D:5      | Entered Level 5 of the Dungeon
  4473 | D:5      | Reached skill level 5 in Spellcasting
  4473 | D:5      | Reached XP level 8. HP: 40/40 MP: 11/16
  4710 | D:6      | Reached ** piety under Okawaru
  4810 | D:6      | Found a glowing drain.
  4836 | Sewer    | Entered a sewer
  5075 | D:6      | Found a shadowy altar of Dithmenos.
  5311 | D:6      | Found a deep blue altar of Sif Muna.
  5507 | D:6      | Noticed a deep elf mage
  5510 | D:6      | Killed a deep elf mage
  5510 | D:6      | Reached *** piety under Okawaru
  5510 | D:6      | Reached skill level 5 in Short Blades
  5510 | D:6      | Reached XP level 9. HP: 45/45 MP: 17/19
  5685 | D:7      | Found a glowing silver altar of Zin.
  5945 | D:7      | Found a sand-covered staircase.
  5950 | Ossuary  | Entered an ossuary
  6462 | D:7      | Reached **** piety under Okawaru
  6653 | D:7      | Found a deep blue altar of Sif Muna.
  6686 | D:7      | Found a sacrificial altar of Ru.
  6689 | D:7      | Reached skill level 1 in Evocations
  6694 | D:7      | Found a white marble altar of Elyvilon.
  6757 | D:7      | Found a hide-covered altar of Uskayaw.
  6760 | D:7      | Found a shimmering altar of Xom.
  6982 | D:8      | Found a staircase to the Lair.
  7315 | D:8      | Found a shattered altar of Ashenzari.
  7425 | D:8      | Reached skill level 10 in Stealth
  7427 | D:8      | Reached ***** piety under Okawaru
  7427 | D:8      | Reached XP level 10. HP: 51/51 MP: 3/22
  8022 | D:3      | Killed Menkaure
  8030 | D:3      | Killed Ijyb
  8050 | D:3      | Got an ichor-stained spear
  8184 | Lair:1   | Entered Level 1 of the Lair of Beasts
  8241 | Lair:1   | Received a gift from Okawaru
  8523 | Lair:1   | Reached skill level 5 in Fighting
  8605 | Lair:1   | Noticed a black mamba
  8615 | Lair:1   | Killed a black mamba
  8710 | Lair:1   | Reached skill level 1 in Conjurations
  8820 | Lair:1   | Noticed a black mamba
  8833 | Lair:1   | Killed a black mamba
  9017 | Lair:1   | Noticed a black mamba
  9031 | Lair:1   | Killed a black mamba
  9061 | Lair:2   | Noticed a spiny frog
  9065 | Lair:2   | Killed a spiny frog
  9529 | Lair:2   | Learned a level 3 spell: Mephitic Cloud
  9554 | Lair:2   | Noticed a spiny frog
  9555 | Lair:2   | Noticed a four-headed hydra
  9557 | Lair:2   | Reached skill level 10 in Dodging
  9557 | Lair:2   | Reached XP level 11. HP: 56/56 MP: 24/24
  9609 | Lair:2   | Received a gift from Okawaru
  9622 | Lair:2   | Got a dazzling quarterstaff
  9722 | Lair:2   | Noticed a six-headed hydra
  9750 | Lair:2   | Reached skill level 1 in Shields
  9768 | Lair:2   | Killed a six-headed hydra
  9977 | Lair:2   | Reached ****** piety under Okawaru
 10106 | Lair:2   | Killed a four-headed hydra
 10106 | Lair:2   | Received a gift from Okawaru
 10610 | Lair:3   | Noticed a catoblepas
 10650 | Lair:3   | Killed a catoblepas
 10650 | Lair:3   | Received a gift from Okawaru
 11032 | Lair:3   | Reached XP level 12. HP: 62/62 MP: 7/26
 11121 | Lair:3   | Reached skill level 10 in Spellcasting
 11327 | Lair:3   | Found a staircase to the Swamp.
 11353 | Lair:3   | Received a gift from Okawaru
 11897 | Lair:2   | Identified the +4 quarterstaff of Absolution {drain, rPois Int+5 Dex+4 Stlth+} (You found it on level 2 of the Lair of Beasts)
 11899 | Lair:2   | Identified the +2 spear "Jaunircho" {elec, rF+} (You found it on level 3 of the Dungeon)
 11908 | Lair:2   | Learned a level 4 spell: Fulminant Prism
 11961 | Lair:4   | Found a staircase to the Snake Pit.
 13063 | Lair:5   | Noticed a seven-headed hydra
 13076 | Lair:5   | Killed a seven-headed hydra
 13076 | Lair:5   | Received a gift from Okawaru
 13227 | Lair:5   | Found a staircase to the Slime Pits.
 14368 | Lair:5   | Upgraded the game from 0.20-b1 to 0.21-a0-1-gaf3b9a5
 14376 | Lair:6   | Entered Level 6 of the Lair of Beasts
 14376 | Lair:6   | Noticed a five-headed hydra
 14413 | Lair:6   | Noticed Nessos
 14510 | Lair:6   | Noticed a five-headed hydra
 14517 | Lair:6   | Killed a five-headed hydra
 14517 | Lair:6   | Reached skill level 5 in Conjurations
 14517 | Lair:6   | Reached XP level 13. HP: 68/68 MP: 7/29
 14576 | Lair:6   | Reached skill level 10 in Short Blades
 14674 | Lair:6   | Received a gift from Okawaru
 14674 | Lair:6   | Reached skill level 5 in Shields
 15048 | Lair:6   | HP: 2/68 [rime drake/flash freeze (30)]
 15054 | Lair:6   | Killed from afar by a rime drake

Vault maps used:
D:1:      saegor_arrival_simple_f
D:2:      cheibrodos_fertilizer, nemelex_spade_bored_becter, uniq_natasha,
          uniq_jessica, uniq_sigmund
D:3:      gammafunk_temple_of_torment, okawaru_gym_becter, uniq_purgy,
          uniq_ijyb, uniq_terence
D:4:      minmay_temple_entry_large_hall, first_bread, uniq_edmund
D:6:      nicolae_overflow_crystal_walls, nicolae_dithmenos_shadow_blocks,
          portal_sewer_entry_c, minmay_misc_feat_tower,
          guppyfry_early_elven_hall
D:7:      zin_scriptorium, grunt_temple_overflow_cloverleaf, enter_ossuary_5,
          grunt_ogre_cave, lemuel_blue_sif_altar
D:8:      old_standard_altar, lair_entry_dummy, minivault_4
Temple:   minmay_temple_curvy_loop
Lair:1:   grunt_megastairs_3
Lair:2:   lemuel_fruit_fields, grunt_megastairs_4
Lair:3:   swamp_mist, grunt_forest_large_clearings
Lair:4:   minmay_snake_entry_guardpost_small, serial_bayou_pond_b,
          serial_bayou_shore_b
Lair:5:   minmay_slime_entry_oklob_open
Lair:6:   gammafunk_lair_ancient_temple, uniq_nessos
Sewer:    sewer_co_purgy_island
Ossuary:  ossuary_crypta

Skill      XL: |  1  2  3  4  5  6  7  8  9 10 11 12 13 |
---------------+----------------------------------------+-----
Stealth        | 5 6 7 8 10 11 | 11.0
Spellcasting   | 3 4 5 6 7 8 9 11 | 11.6
Fighting       | 1 2 3 4 5 6 7 8 |  8.0
Dodging        | 4 5 6 7 8 10 11 | 11.5
Hexes          | 4 5 6 7 8 |  8.7
Short Blades   | 2 3 4 5 6 7 8 9 10 | 10.2
Evocations     | 2 4 |  4.5
Conjurations   | 1 3 5 |  5.3
Shields        | 3 4 5 |  5.1

Action                   |  1- 3 |  4- 6 |  7- 9 | 10-12 | 13-15 || total
-------------------------+-------+-------+-------+-------+-------++-------
Melee: Dagger            |    73 |    59 |   207 |    43 |       ||   382
       Quick blade       |       |       |       |   324 |    57 ||   381
 Cast: Corona            |     7 |       |       |       |       ||     7
       Ensorcelled Hiber |    31 |    23 |    92 |   216 |    35 ||   397
       Confuse           |       |     9 |    21 |    53 |     4 ||    87
       Dazzling Spray    |       |       |       |     1 |       ||     1
       Fulminant Prism   |       |       |       |    32 |       ||    32
  Use: Scroll            |       |       |     2 |    17 |       ||    19
       Potion            |       |       |       |     7 |     2 ||     9
 Stab: Sleeping          |    22 |    24 |    81 |   118 |    15 ||   260
       Confused          |       |     2 |    13 |    53 |     5 ||    73
       Distracted        |       |       |       |     4 |     1 ||     5
  Eat: Fruit             |       |     3 |     2 |     4 |       ||     9
       Royal jelly       |       |       |     1 |     1 |     1 ||     3
Armor: Robe              |     4 |     3 |     2 |     7 |     3 ||    19
Dodge: Dodged            |    44 |    35 |    81 |   181 |    66 ||   407
